 Dungeon Crawl Stone Soup version 0.17-a0-1635-gd4e48f1 (webtiles) character file.

4532 wvc the Spear-Bearer (level 10, -4/77 HPs)
             Began as a Centaur Fighter on Aug 4, 2015.
             Was an Elder of Okawaru.
             Slain by an orc warrior
             ... wielding a +0 halberd
              (11 damage)
             ... on level 9 of the Dungeon.
             The game lasted 00:19:25 (10403 turns).

wvc the Spear-Bearer (Centaur Fighter)             Turns: 10403, Time: 00:19:26

Health: -4/77      AC: 11    Str: 18    XL:     10   Next: 17%
Magic:  9/10       EV: 12    Int:  7    God:    Okawaru [****..]
Gold:   496        SH:  9    Dex: 13    Spells: 0 memorised, 9 levels left

rFire  . . .     SeeInvis +     a - +4 trident
rCold  + + .     Clarity  +     D - +3 leather armour {rC+}
rNeg   . . .     SustAt   .     B - +3 buckler of the Ecumenical Temple {SInv}
rPois  .         Gourm    .     l - +0 helmet
rElec  .         Spirit   .     g - +0 cloak
rCorr  .         Warding  .     (no gloves)
rMut   .         Stasis   .     (no barding)
MR     +....                    v - amulet of clarity
Stlth  ++........               z - ring of protection from magic
                                s - ring of protection from cold

@: heroism, very quick, somewhat resistant to hostile enchantments, unstealthy
A: hooves 3, breathe flames 1, deformed body, speed 2, mutation resistance 1,
tough skin 3
a: Heroism, Renounce Religion, Breathe Fire


You were on level 9 of the Dungeon.
You worshipped Okawaru.
Okawaru was greatly pleased with you.
You were not hungry.

You visited 2 branches of the dungeon, and saw 10 of its levels.

You collected 496 gold pieces.

Inventory:

Hand weapons
 a - a +4 trident (weapon)
 p - a +0 halberd
Missiles
 j - 7 curare-tipped needles
Armour
 b - a +0 scale mail
 c - a +0 shield
 g - a +0 cloak (worn)
 l - a +0 helmet (worn)
 B - the +3 buckler of the Ecumenical Temple (worn) {SInv}
   (You found it on level 7 of the Dungeon)

   It lets you see invisible.
 D - a +3 leather armour of cold resistance (worn)
Jewellery
 s - a ring of protection from cold (left hand)
 v - an amulet of clarity (around neck)
 z - a ring of protection from magic (right hand)
Magical devices
 f - a wand of enslavement (10)
 o - a wand of fire (7)
Scrolls
 h - 3 scrolls of remove curse
 t - 2 scrolls of magic mapping
 A - a scroll of recharging
Potions
 d - a potion of magic
 k - 2 potions of agility
 m - a potion of resistance
 n - 2 potions of lignification
 q - 3 potions of brilliance
 u - a potion of flight
 w - a potion of curing
 x - a potion of beneficial mutation {unknown}
Comestibles
 e - 4 bread rations
 i - a meat ration


   Skills:
 - Level 3.0(8.0) Fighting
 * Level 13.1(18.1) Polearms
 - Level 2.1(7.1) Armour
 - Level 1.0(6.0) Dodging
 - Level 2.1(7.1) Shields
 + Level 0.4 Invocations
 + Level 0.5 Evocations


You had 9 spell levels left.
You didn't know any spells.

Dungeon Overview and Level Annotations

Branches:
Dungeon (9/15)             Temple (1/1) D:4            Lair (0/8) D:9
    Orc: D:9-12

Altars:
Ashenzari
Cheibriados
Elyvilon
Fedhas
Gozag
Kikubaaqudgha
Makhleb
Nemelex Xobeh
Okawaru
Qazlal
Ru
Sif Muna
Trog
Vehumet
Xom
Yredelemnul
Zin
The Shining One


Innate Abilities, Weirdness & Mutations

You have hooves in place of feet.
Armour fits poorly on your strangely shaped body.
You cover ground very quickly.
You have extremely tough skin (AC +3).
You can breathe flames.
You are somewhat resistant to further mutation.


Message History

You block the orc warrior's attack.
Attack whom?
Press: ? - help, Dir - move target cursor, f/p - orc warrior
Aim: an orc warrior, wielding a halberd and wearing a plate armour (almost dead)
You reach to attack!
You barely miss the orc warrior.
The orc warrior is almost dead.
The orc hits you with a dagger.
* * * LOW HITPOINT WARNING * * *
Attack whom?
Press: ? - help, Dir - move target cursor, f/p - orc warrior
Aim: an orc warrior, wielding a halberd and wearing a plate armour (almost dead)
You reach to attack!
You closely miss the orc warrior.
The orc warrior is almost dead.
The orc warrior hits you from afar with a halberd!
* * * LOW HITPOINT WARNING * * *
Drink which item? (? for menu, Esc to quit)
You feel better. The orc hits you with a dagger.
* * * LOW HITPOINT WARNING * * *
The orc warrior hits you from afar with a halberd!
You die...

#... ... #........ #...#
#.. #........ ####
.....##.# #........ ...#
......#.# ......... ..o#
......#.###........
...............#........
o.o...........[#........
.......>..o....#.)o.....
###.........#..#@.......
# .........#..o[..###..
# ......o##[.#...# #
...... #..##+## + .....#
#... # #...# #.... #
#..# #.... # ..#### +
..#.ยงยง


You could see an orc warrior and an orc.

Vanquished Creatures
  Pikel (D:6)
  Sigmund (D:2)
  A hungry ghost (D:7)
  4 yaks (D:7)
  Menkaure (D:7)
  A sky beast (D:7)
  The ghost of Tux the Magician, an average SpVM (D:3)
  2 ice beasts (D:6)
  A black bear (D:8)
  An orc warrior (D:8)
  2 centaurs
  2 phantoms (D:7)
  5 ogres
  Blork the orc (D:4)
  A big kobold (D:4)
  4 giant frogs
  3 scorpions
  4 jellies (D:8)
  3 wights (D:7)
  3 crimson imps
  4 orc priests
  8 orc wizards
  A centaur skeleton (D:4)
  3 hounds
  A giant frog skeleton (D:4)
  2 iguanas (D:4)
  3 worker ants
  A worker ant zombie (D:7)
  Robin (D:3)
  12 adders
  2 shadow imps (D:6)
  2 oozes
  A worm (D:3)
  An adder skeleton (D:4)
  31 orcs
  7 bats
  2 giant cockroaches
  11 hobgoblins
  10 jackals
  7 kobolds
  A ball python (D:7)
  3 giant geckos
  A giant gecko zombie (D:6)
  6 giant newts
  16 goblins
  A quokka skeleton (D:8)
  A quokka zombie (D:8)
  6 rats
187 creatures vanquished.

Vanquished Creatures (others)
  A slave (D:6)
1 creature vanquished.

Grand Total: 188 creatures vanquished

Notes
Turn   | Place    | Note
--------------------------------------------------------------
     0 | D:1      | wvc the Centaur Fighter began the quest for the Orb.
     0 | D:1      | Reached XP level 1. HP: 19/19 MP: 1/1
   131 | D:1      | Reached XP level 2. HP: 21/26 MP: 2/2
   999 | D:2      | Reached XP level 3. HP: 23/31 MP: 3/3
  1267 | D:2      | Reached skill level 1 in Dodging
  1301 | D:2      | Noticed Sigmund
  1323 | D:2      | Killed Sigmund
  1323 | D:2      | Reached skill level 5 in Polearms
  1323 | D:2      | Reached XP level 4. HP: 13/38 MP: 4/4
  1323 | D:2      | Reached XP level 5. HP: 15/45 MP: 5/5
  2110 | D:3      | Noticed Tux's ghost (average SpVM)
  2131 | D:3      | Killed Tux's ghost
  2131 | D:3      | Reached XP level 6. HP: 22/51 MP: 6/6
  2459 | D:3      | Reached skill level 6 in Polearms
  3189 | D:4      | Noticed Robin
  3202 | D:3      | Killed Robin
  3475 | D:4      | Reached XP level 7. HP: 45/57 MP: 7/7
  3575 | D:4      | Reached skill level 7 in Polearms
  3707 | D:4      | Found a staircase to the Ecumenical Temple.
  3718 | Temple   | Entered the Ecumenical Temple
  3744 | Temple   | Became a worshipper of Warmaster Okawaru
  3919 | D:4      | Noticed Blork the orc
  3932 | D:4      | HP: 1/57 [Blork the orc/battleaxe of chopping (4)]
  4282 | D:4      | Killed Blork the orc
  4282 | D:4      | Reached skill level 8 in Polearms
  4590 | D:4      | Acquired Okawaru's first power
  4777 | D:5      | Entered Level 5 of the Dungeon
  4924 | D:5      | Reached XP level 8. HP: 61/63 MP: 8/8
  4933 | D:5      | Gained mutation: Your muscles are strong. (Str +2) [potion of mutation]
  4933 | D:5      | Lost mutation: Your muscles are strong. (Str +2) [potion of mutation]
  4933 | D:5      | Gained mutation: You can breathe flames. [potion of mutation]
  5502 | D:6      | Reached skill level 9 in Polearms
  5605 | D:6      | Found a glowing silver altar of Zin.
  6115 | D:6      | Noticed Pikel
  6130 | D:6      | Killed Pikel
  6130 | D:6      | Reached skill level 10 in Polearms
  6296 | D:6      | Reached XP level 9. HP: 55/69 MP: 9/9
  6396 | D:6      | Found a glowing golden altar of the Shining One.
  6812 | D:7      | Reached skill level 11 in Polearms
  6820 | D:7      | Gained mutation: You are somewhat resistant to further mutation. [mutagenic meat]
  7882 | D:7      | Reached skill level 12 in Polearms
  8752 | D:7      | Got a transparent buckler
  8763 | D:7      | Identified the +3 buckler of the Ecumenical Temple {SInv} (You found it on level 7 of the Dungeon)
  9231 | D:7      | Noticed Menkaure
  9236 | D:7      | Killed Menkaure
  9460 | D:8      | Reached XP level 10. HP: 75/77 MP: 10/10
  9466 | D:8      | Found a sacrificial altar of Ru.
  9944 | D:8      | Reached skill level 13 in Polearms
 10377 | D:9      | Found a staircase to the Lair.
 10402 | D:9      | HP: 1/77 [orc warrior/halberd (15)]
 10403 | D:9      | Slain by an orc warrior

Vault maps used:
D:1:      onia_arrival_mini_maze_b, minivault_14, minmay_surrounded
D:2:      uniq_sigmund
D:4:      minmay_temple_entry_butterflies, uniq_robin, uniq_blork_the_orc
D:5:      first_bread
D:6:      lemuel_crystal_altar, basic_altar, uniq_pikel
D:7:      uniq_menkaure
D:8:      old_standard_altar
D:9:      lemuel_ice_spiral_2, nicolae_overflow_hidden_temple,
          erik_lair_orcish_takeover, uniq_maurice, uniq_grum
Temple:   lightli_temple_of_artemis

Action                   |  1- 3 |  4- 6 |  7- 9 | 10-12 || total
-------------------------+-------+-------+-------+-------++-------
Melee: Trident           |    90 |   195 |   553 |    96 ||   934
Invok: Heroism           |       |       |     2 |     2 ||     4
 Abil: Breathe Fire      |       |       |     1 |       ||     1
Evoke: Wand              |       |       |     2 |       ||     2
  Use: Potion            |     1 |       |     3 |     1 ||     5
       Scroll            |       |     9 |    12 |     5 ||    26
  Eat: Chunk             |       |     6 |     7 |       ||    13
       Beef jerky        |       |     2 |       |       ||     2
       Pizza             |       |     1 |     1 |       ||     2
       Fruit             |       |       |     2 |       ||     2
       Meat ration       |       |       |     2 |       ||     2
       Bread ration      |       |       |     1 |       ||     1
